Map: [ESL] Data-C

Players

Astrea - Winner!

  • Race: Protoss Protoss
  • League: Master
  • Spawn Location: 3:00

LiquidClem (Clem)

  • Race: Terran Terran
  • League: Grandmaster
  • Spawn Location: 9:00

Event: HomeStory Cup XXII

VOD

Have the link to the VOD?

Description

Time

  • Played on: Dec. 18, 2022, 10:52 a.m.
  • Length: 8:58

All games in this series

Show
View Real Time Build Order
Export as new Build Order

Astrea Protoss - Winner!

Build Orders: 1 Gate Expand, Blink Stalkers, Colossus Rush 

Get SALT Encoding   

  12  0:00  Probe  
  13  0:12  Probe  
  14  0:17  Pylon  
  14  0:24  Probe (Chrono Boost)  
  16  0:36  Probe (Chrono Boost)  
  16  0:37  Gateway  
  16  0:43  Probe (Chrono Boost)  
  16  0:47  Assimilator  
  17  0:51  Probe  
  18  1:03  Probe  
  19  1:15  Probe  
  20  1:25  Cybernetics Core  
  20  1:33  Nexus  
  20  1:37  Probe  
  21  1:43  Pylon  
  21  1:49  Probe  
  21  1:52  Assimilator  
  22  1:59  Adept (Chrono Boost)  
  22  2:01  Probe  
  22  2:04  Warp Gate  
  25  2:13  Probe (Chrono Boost)  
  26  2:21  Stalker  
  28  2:25  Probe (Chrono Boost)  
  29  2:33  Probe (Chrono Boost)  
  30  2:39  Twilight Council  
  30  2:43  Probe (Chrono Boost)  
  31  2:46  Probe (Chrono Boost)  
  32  2:54  Stalker  
  32  2:55  Probe (Chrono Boost)  
  32  2:56  Probe (Chrono Boost)  
  36  3:00  Probe (Chrono Boost)  
  36  3:04  Probe  
  38  3:07  Gateway  
  38  3:12  Probe, Blink (Chrono Boost)  
  39  3:16  Probe  
  40  3:24  Probe  
  41  3:28  Probe  
  41  3:31  Robotics Facility  
  42  3:36  Probe  
  42  3:40  Probe  
  44  3:47  Gateway  
  45  3:48  Probe, Pylon  
  45  3:52  Probe  
  46  4:06  Probe x2  
  46  4:07  Pylon  
  48  4:12  Stalker x2  
  50  4:17  Nexus  
  50  4:19  Observer (Chrono Boost)  
  50  4:22  Probe x2  
  53  4:30  Assimilator  
  53  4:34  Probe  
  53  4:36  Pylon  
  53  4:37  Stalker x2  
  58  4:38  Probe  
  58  4:40  Assimilator  
  59  4:46  Probe  
  59  4:48  Robotics Bay  
  59  4:50  Probe  
  61  4:58  Probe  
  62  5:02  Pylon  
  62  5:03  Pylon  
  62  5:10  Charge  
  62  5:17  Observer  
  62  5:20  Probe (Chrono Boost)  
  65  5:21  Probe (Chrono Boost), Stalker x2  
  69  5:30  Probe (Chrono Boost)  
  69  5:31  Colossus (Chrono Boost)  
  69  5:33  Probe (Chrono Boost)  
  72  5:38  Probe (Chrono Boost)  
  72  5:39  Probe (Chrono Boost)  
  72  5:40  Probe (Chrono Boost)  
  80  5:44  Probe x2 (Chrono Boost)  
  80  5:47  Probe  
  83  5:51  Extended Thermal Lance  
  83  5:53  Gateway  
  83  5:55  Gateway  
  83  5:56  Probe, Gateway  
  84  6:00  Gateway  
  84  6:01  Gateway  
  84  6:12  Pylon  
  84  6:14  Pylon  
  84  6:15  Shield Battery  
  84  6:17  Colossus (Chrono Boost), Pylon  
  84  6:21  Sentry  
  92  6:26  Pylon  
  92  6:37  Sentry  
  92  6:38  Zealot  
  96  6:48  Sentry  
  96  6:51  Pylon  
  96  6:53  Zealot x3, Pylon  
  98  6:54  Probe x3  
  98  6:59  Warp Prism (Chrono Boost)  
  98  7:00  Zealot x3  
  104  7:01  Zealot  
  104  7:06  Probe x3  
  111  7:11  Observer  
  103  7:18  Probe x2  
  103  7:21  Stalker x5  
  104  7:26  Probe  
  97  7:30  Probe x2  
  97  7:33  Stalker x2  
  103  7:42  Probe  
  101  7:45  Probe  
  101  7:47  Stalker x3  
  101  7:48  Stalker x2  
  101  8:09  Stalker x2  
  101  8:10  Zealot x3  
  101  8:11  Zealot x2  
  113  8:18  Probe x3  
  116  8:29  Stalker  
  116  8:33  Sentry x3  
  123  8:34  Zealot x3  
  123  8:37  Pylon  
  123  8:38  Forge, Pylon  
  115  8:48  Zealot x2  
  115  8:49  Zealot  
  115  8:52  Zealot  
Show
View Real Time Build Order
Export as new Build Order

LiquidClem Terran 

Build Orders: Reaper Expand 

Get SALT Encoding   

  12  0:00  SCV  
  13  0:12  SCV  
  14  0:16  Supply Depot  
  14  0:24  SCV  
  15  0:38  SCV  
  15  0:40  Barracks  
  16  0:43  Refinery  
  16  0:50  SCV  
  17  1:02  SCV  
  18  1:14  SCV  
  19  1:27  Reaper, Orbital Command  
  20  1:42  Command Center  
  20  1:50  Supply Depot  
  21  1:54  SCV  
  21  1:58  Marine  
  22  2:06  SCV  
  23  2:10  Factory  
  23  2:15  Bunker  
  23  2:19  SCV  
  23  2:22  Barracks Reactor  
  24  2:32  SCV  
  25  2:37  Refinery  
  24  2:44  SCV  
  25  2:54  Orbital Command  
  25  2:57  SCV, Starport  
  25  2:58  Marine x2  
  26  3:03  Hellion  
  30  3:09  SCV  
  31  3:16  Marine x2  
  33  3:20  SCV  
  33  3:25  Hellion  
  33  3:26  Supply Depot  
  36  3:27  SCV  
  37  3:34  Medivac, Marine x2  
  37  3:36  SCV  
  37  3:39  SCV  
  43  3:46  Hellion  
  45  3:48  SCV  
  45  3:51  SCV  
  45  3:52  Barracks  
  45  3:54  Marine  
  48  3:56  Marine  
  48  4:01  SCV  
  50  4:03  SCV  
  50  4:12  Factory Tech Lab, Starport Tech Lab  
  50  4:13  SCV  
  50  4:16  SCV  
  52  4:17  Supply Depot, Marine x2  
  52  4:23  Barracks  
  54  4:35  Engineering Bay  
  54  4:36  Refinery  
  54  4:39  SCV x2, Siege Tank  
  54  4:42  Supply Depot, Marine x2  
  61  4:51  SCV  
  62  4:53  Stimpack  
  62  5:00  Supply Depot  
  62  5:03  SCV x2, Marine x3  
  62  5:04  Terran Infantry Weapons Level 1  
  62  5:05  Supply Depot  
  67  5:09  Refinery, Starport Reactor  
  67  5:15  SCV x2  
  67  5:16  Combat Shield  
  69  5:22  Marauder x2, Marine x2  
  69  5:28  SCV, Factory Reactor  
  75  5:29  Supply Depot  
  75  5:30  SCV  
  77  5:40  Marine x2  
  79  5:44  Marauder x2  
  79  5:45  Medivac  
  85  5:51  Supply Depot, Medivac  
  85  5:52  Supply Depot  
  85  5:53  SCV x2  
  89  6:05  Widow Mine x2, Marine  
  94  6:12  Marine  
  94  6:13  Marauder x2  
  98  6:22  Supply Depot, Medivac x2  
  98  6:24  Command Center  
  102  6:25  Marine  
  102  6:29  Widow Mine x2  
  107  6:34  Supply Depot  
  107  6:36  Marauder  
  107  6:37  Marauder  
  110  6:44  Marine  
  111  6:51  Marine  
  112  6:54  SCV  
  112  6:57  Marauder  
  112  6:58  Marauder  
  112  6:59  Widow Mine x2  
  113  7:01  Medivac x2  
  113  7:03  Supply Depot, Marine  
  112  7:17  SCV x2  
  112  7:20  Widow Mine x2, Marauder  
  114  7:23  Marine  
  114  7:24  Marauder  
  114  7:25  Marine  
  114  7:29  SCV  
  112  7:35  Barracks  
  111  7:37  Barracks  
  113  7:46  Marauder  
  113  7:48  Marauder  
  112  7:53  Viking x2  
  114  8:03  Marine  
  99  8:06  Marine  
  99  8:07  Widow Mine x2, Marauder  
  99  8:10  Marauder  
  99  8:16  SCV x2  
  95  8:21  Marine  
  95  8:23  Viking x2  
  95  8:24  Marine  
  95  8:25  Barracks Reactor, Barracks Tech Lab  
  101  8:28  Marauder  
  101  8:31  Widow Mine, Marauder  
  107  8:37  SCV x2  
  107  8:39  Marine  
Tags
 
Add a new tag
Caveats
  • Supply blocks, unpowered buildings, or Contaminate may cause inaccurate times.
  • Supply counts are checked every 10 seconds.